 Dungeon Crawl Stone Soup version 0.31-a0-319-g4fced400ed (webtiles) character file.

Game seed: 2882305381766760896

70 spaghetti the Shooter (level 3, 0/29 HPs)
             Began as a Demigod Hunter on July 17, 2023.
             Succumbed to a gnoll sergeant's poison
             ... on level 3 of the Dungeon.
             The game lasted 00:03:49 (1467 turns).

spaghetti the Shooter (Demigod Hunter)              Turns: 1467, Time: 00:03:49

Health: 0/29       AC:  4    Str: 12    XL:     3   Next: 76%
Magic:  3/6        EV: 12    Int: 21    God:
Gold:   118        SH:  0    Dex: 17    Spells: 1/4 levels left

rFire   . . .        a - +0 shortbow {bow}
rCold   . . .        (shield currently unavailable)
rNeg    . . .        c - +0 leather armour
rPois   .            l - +0 helmet
rElec   .            (no cloak)
rCorr   .            (no gloves)
SInv    .            (no boots)
Will    .....        (no amulet)
Stlth   ++           h - +6 ring of intelligence
HPRegen 0.24/turn    (no ring)
MPRegen 0.10/turn

%: no passive effects
@: lethally poisoned (0 -> -16)
A: high MP 1, forlorn, divine attributes
a: no special abilities


You were on level 3 of the Dungeon.
You visited 1 branch of the dungeon, and saw 3 of its levels.

You collected 118 gold pieces.


Innate Abilities, Weirdness & Mutations

You have an increased reservoir of magic. (+10% MP)
You shall have no god before yourself.
Your divine heritage dramatically boosts your attributes as you level up.


   Skills:
 - Level 1.7 Fighting
 + Level 4.8 Ranged Weapons
 - Level 1.7 Dodging
 - Level 0.8 Stealth
 + Level 1.0 Spellcasting
 + Level 0.1 Translocations
 + Level 0.0 Fire Magic


You had one spell level left.
You knew the following spells:

 Your Spells              Type           Power      Damage    Failure   Level
a - Volatile Blastmotes   Fire/Tloc      2%         2d10      52%         3

Your spell library contained the following spells:

 Spells                   Type           Power      Damage    Failure   Level
 Dazzling Flash           Conj/Hex       2%         N/A       52%         3
 Starburst                Conj/Fire      0%         6d3       100%        6
 Maxwell's Capacitive Co  Air            0%         ∞         100%        8

Inventory:

Hand Weapons
 a - a +0 shortbow (weapon) {bow}
Missiles
 g - 20 stones {throwing}
 j - 6 poisoned darts {throwing}
Armour
 c - a +0 leather armour (worn)
 l - a +0 helmet (worn)
   (You took it off Robin on level 2 of the Dungeon)
Magical Staves
 o - a staff of fire {!astaff}
   (You found it on level 2 of the Dungeon)
Jewellery
 h - a +6 ring of intelligence (left hand)
   (You found it on level 1 of the Dungeon)
Scrolls
 b - a scroll of butterflies
 d - a scroll of enchant weapon {unknown}
 e - 2 scrolls of revelation {unknown}
 f - 2 scrolls of fog {unknown}
 k - 2 scrolls of identify {unknown}
 m - a scroll of immolation {unknown}
Potions
 i - a potion of invisibility {unknown}
 n - 2 potions of might {unknown}

Dungeon Overview and Level Annotations

Branches:
Dungeon (3/15) Zot: 16500

Shops:
D:1 !

Annotations:
D:3 3 runed translucent doors, howech's ghost, weakling MiBe

.. ..##..## #. #.. #..##
#.#..# ##..##
#.g..####..†#
#...##..##..##
#...##..##...######.#
#g.##....##.........#
######.g##....##.#########
......†g#...@..#.#
#####.#.#g..#..#.#
#...g.#.##...#
##......###### ########


You could see a gnoll sergeant and a gnoll.


Message History

The giant cockroach bites you but does no damage.
There are monsters nearby!
There are monsters nearby!
You shoot an arrow.
The arrow closely misses the giant cockroach.
The endoplasm quivers.
The giant cockroach bites you but does no damage.
You shoot an arrow.
The arrow hits the giant cockroach but does no damage.
The giant cockroach barely misses you.
You shoot an arrow.
The arrow barely misses the giant cockroach.
The giant cockroach bites you but does no damage.
The giant cockroach misses you.
You shoot an arrow. The arrow hits the giant cockroach.
You kill the giant cockroach!
The endoplasm closely misses you.
Your Spellcasting skill increases to level 1!
You shoot an arrow. The arrow barely misses the endoplasm.
The endoplasm freezes you.
You are frozen.
You are too injured to fight recklessly! 😕 HP[-5]
You take 5 damage, and now have 24/29 hp.
You are too injured to fight recklessly!
You are too injured to fight recklessly!
You are too injured to fight recklessly!
You are too injured to fight recklessly!
You are too injured to fight recklessly!
You are too injured to fight recklessly!
You are too injured to fight recklessly!
You are too injured to fight recklessly!
You are too injured to fight recklessly!
You are too injured to fight recklessly!
You are too injured to fight recklessly!
You are too injured to fight recklessly!
You are too injured to fight recklessly!
You are too injured to fight recklessly!
You are too injured to fight recklessly!
You are too injured to fight recklessly!
Fire: a) +0 shortbow {bow}
Press: ? - help, Q - select action, (/) - cycle Shift-Dir - straight line, f/p - endoplasm
Aim: an endoplasm (86% to hit)
You shoot an arrow. The arrow hits the endoplasm.
You kill the endoplasm! 😕 HP[+1] Fire: a) +0 shortbow {bow}
Press: ? - help, Q - select action, (/) - cycle Shift-Dir - straight line, f - you That would be overly suicidal.
Okay, then.
A gnoll sergeant and a gnoll come into view.
The gnoll sergeant is wielding a +2 trident of venom. 😎 HP[+4]
Your hp is fully restored (29).
There are monsters nearby!
There are monsters nearby!
There are monsters nearby!
You shoot an arrow. The arrow barely misses the gnoll.
The gnoll sergeant shouts!
You shoot an arrow. The arrow hits the gnoll sergeant.
You shoot an arrow. The gnoll sergeant blocks the arrow.
A gnoll comes into view. It is wielding a +0 spear.
A gnoll comes into view. It is wielding a +0 club.
You shoot an arrow. The gnoll sergeant blocks the arrow.
The gnoll shouts! x2; You hear an angry hiss.
You hear a shout!
You shoot an arrow.
The arrow hits the gnoll sergeant but does no damage.
You shoot an arrow.
The arrow completely misses the gnoll sergeant.
The gnoll sergeant hits you from afar with a +2 trident of venom!
A gnoll comes into view. It is wielding a +2 whip of freezing.
You are too injured to fight recklessly! 😮 HP[-11]
You take 11 damage, and now have 18/29 hp.
MASSIVE DAMAGE!! (PAUSE) Unknown command. 😮 HP[+1]
Casting: Volatile Blastmotes (extremely dangerous; 52% risk of failure)
Confirm with . or Enter, or press ? or * to list all spells.
The spell is extremely dangerous to miscast (52% risk of failure)!
Continue anyway?
A cloud of volatile blastmotes flares up around you! 😮 MP[-3]
You lost 3 mp, and now have 3/6 mp.
Unknown command.
The gnoll sergeant attacks as you move away!
The gnoll sergeant completely misses you.
The gnoll sergeant hits you from afar with a +2 trident of venom!
* * * LOW HITPOINT WARNING * * *
You are lethally poisoned! 😨 HP[-11]
You take 11 damage, and now have 8/29 hp.
MASSIVE DAMAGE!! (PAUSE)
* * * LOW HITPOINT WARNING * * *
You feel very sick.
The cloud of blastmotes explodes!
The concussive blast engulfs the gnoll sergeant.
You hear an angry hiss. 😱 HP[-5]
You take 5 damage, and now have 3/29 hp.
You die...

Skill      XL: |  1  2  3 |
---------------+----------+-----
Ranged Weapons | 4 |  4.8
Spellcasting   | 1 |  1.0
Fighting       | |  1.7
Dodging        | |  1.7
Stealth        | |  0.8
Translocations | |  0.1

Action                     || total
---------------------------++-------
   Fire: Shortbow          ||   142
   Cast: Volatile Blastmot ||     1
 Armour: Leather armour    ||    21
  Dodge: Dodged            ||    35

Levels and vault maps discovered:
D:1:      dpeg_arrival_tiny_i, layout_basic, serial_shops,
          nicolae_shop_back_alley_shop, nicolae_figureground_sparkle
D:2:      layout_basic, uniq_robin
D:3:      layout_loops_ring, gammafunk_ghost_split, serial_shops, shop,
          minmay_misc_feat_x, uniq_jessica

Notes
Turn   | Place    | Note
-------+----------+-------------------------------------------
     0 | D:1      | spaghetti the Demigod Hunter began the quest for the Orb.
     0 | D:1      | Reached XP level 1. HP: 17/17 MP: 3/3
     0 | D:1      | magus.rc [v1.9.6]
   131 | D:1      | Reached skill level 4 in Ranged Weapons
   137 | D:1      | You pick up a book of Spectacle and begin reading...
   137 | D:1      | You add the spells Volatile Blastmotes, Dazzling Flash,
                  | Starburst and Maxwell's Capacitive Coupling to your
                  | library.
   163 | D:1      | Reached XP level 2. HP: 24/24 MP: 4/4
   390 | D:1      | Found Yjicrud's Distillery.
   564 | D:2      | Noticed Robin
   651 | D:2      | Killed Robin
   652 | D:2      | Reached XP level 3. HP: 17/29 MP: 5/5
  1306 | D:3      | Learned a level 3 spell: Volatile Blastmotes
  1312 | D:3      | Found a runed translucent gate.
  1312 | D:3      | Found a runed translucent gate.
  1312 | D:3      | Found a runed translucent gate.
  1316 | D:3      | Noticed howech's ghost (weakling MiBe)
  1435 | D:3      | Reached skill level 1 in Spellcasting
  1453 | D:3      | Noticed a gnoll sergeant
  1466 | D:3      | HP: 3/29 [poisoned by a gnoll sergeant]
  1467 | D:3      | Succumbed to a gnoll sergeant's poison

Vanquished Creatures
  Robin (D:2)
  2 dart slugs
  5 endoplasms
  6 giant cockroaches
  3 hobgoblins
  A kobold (D:2)
  4 quokkas
  6 ball pythons
  4 bats
  2 frilled lizards
  9 goblins
  5 rats
48 creatures vanquished.

Table legend:
 A = Non-vault XP
 B = Vault XP
 C = Vault XP percentage of total XP
 D = Non-vault monster count
 E = Vault monster count
 F = Vault count percentage of total count
                 A         B        C        D         E       F
            +---------+---------+-------+---------+---------+-------
      Total |      70 |      30 |  30.0 |      39 |       9 |  18.8
            +---------+---------+-------+---------+---------+-------
        D:1 |      27 |       7 |  20.6 |      15 |       4 |  21.1
        D:2 |      30 |      23 |  43.4 |      16 |       5 |  23.8
        D:3 |      13 |       0 |   0.0 |       8 |       0 |   0.0
            +---------+---------+-------+---------+---------+-------

Skill      XL: |  1  2  3 |
---------------+----------+-----
Ranged Weapons | 4 |  4.8
Spellcasting   | 1 |  1.0
Fighting       | |  1.7
Dodging        | |  1.7
Stealth        | |  0.8
Translocations | |  0.1

Action                     || total
---------------------------++-------
   Fire: Shortbow          ||   142
   Cast: Volatile Blastmot ||     1
 Armour: Leather armour    ||    21
  Dodge: Dodged            ||    35

Illustrated notes

Table legend:
 A = Kills in this place as a percentage of kills in the entire game.
 B = Kills by you in this place as a percentage of kills by you in the entire game.
 C = Kills by friends in this place as a percentage of kills by friends in the entire game.
 D = Other kills in this place as a percentage of other kills in the entire game.
 E = Experience gained in this place as a percentage of experience gained in the entire game.
 F = Experience gained in this place divided by the number of levels of this place that you have seen.
                   A       B       C       D       E      F
               +-------+-------+-------+-------+-------+----------------------
         Total | 100.0 | 100.0 |   N/A |   N/A | 100.0 |  33.3
       Dungeon | 100.0 | 100.0 |   N/A |   N/A | 100.0 |  33.3
               +-------+-------+-------+-------+-------+----------------------

Table legend: (Time is in decaauts)
 A = Elapsed time spent in this place.
 B = Non-inter-level travel time spent in this place.
 C = Inter-level travel time spent in this place.
 D = Time resting spent in this place.
 E = Time spent auto-exploring this place.
 F = Levels seen in this place.
 G = Mean time per level.
                   A        B        C        D        E       F      G
               +--------+--------+--------+--------+--------+-----+--------+
         Total |   1499 |   1462 |     37 |     46 |   1138 |   3 |  499.7 |
       Dungeon |   1499 |   1462 |     37 |     46 |   1138 |   3 |  499.7 |
               +--------+--------+--------+--------+--------+-----+--------+

Top non-repeatable levels by time:
     D:2: 670 daAuts
     D:1: 653 daAuts
     D:3: 175 daAuts
